 Dungeon Crawl Stone Soup version 0.28-a0-1447-ga5a8893891 (webtiles) character file.

Game seed: 737106118546304952

5754 lonewolfV2 the Cleaver (level 10, 0/132 HPs)
             Began as a Minotaur Fighter on Jan 11, 2022.
             Was an Initiate of Makhleb.
             Slain by a wight (13 damage)
             ... on level 10 of the Dungeon.
             The game lasted 00:19:50 (8070 turns).

lonewolfV2 the Cleaver (Minotaur Fighter)           Turns: 8070, Time: 00:19:51

Health: 0/132      AC: 10    Str: 35    XL:     10   Next: 49%
Magic:  9/9        EV: 17    Int:  0    God:    Makhleb [......]
Gold:   515        SH: 12    Dex: 10    Spells: 9/9 levels left

rFire   + . .      SeeInvis +   a - +0 war axe
rCold   + . .      Faith    .   c - +1 buckler
rNeg    . . .      Spirit   .   q - +4 leather armour "Lonnuove" {rElec Str+3}
rPois   +          Reflect  +   (helmet restricted)
rElec   +          Harm     +   (no cloak)
rCorr   +          Rampage  .   p - +1 pair of gloves of the Sun {Harm Str+7 Int-5 SInv}
Will    .....                   (no boots)
Stlth   ..........              k - amulet of reflection
HPRegen 0.32/turn               e - ring of poison resistance
MPRegen 0.11/turn               h - +4 ring of evasion

@: mighty, berserking, resistant, slowed, lost intelligence, unable to read
A: horns 2, retaliatory headbutt
a: Renounce Religion


You were on level 10 of the Dungeon.
You worshipped Makhleb.
Makhleb was noncommittal.
You visited 2 branches of the dungeon, and saw 11 of its levels.

You collected 515 gold pieces.

Inventory:

Hand Weapons
 a - a +0 war axe (weapon)
Armour
 b - a +0 scale mail
 c - a +1 buckler (worn)
 p - the +1 pair of gloves of the Sun (worn) {Harm Str+7 Int-5 SInv}
   (You found it on level 4 of the Dungeon)

   Str:       It affects your strength (+7).
   Int:       It affects your intelligence (-5).
   SInv:      It lets you see invisible.
   Harm:      It increases damage dealt and taken.
 q - the +4 leather armour "Lonnuove" (worn) {rElec Str+3}
   (You found it on level 4 of the Dungeon)

   Str:       It affects your strength (+3).
   rElec:     It insulates you from electricity.
Jewellery
 e - a ring of poison resistance (left hand)
 h - a +4 ring of evasion (right hand)
 k - an amulet of reflection (around neck)
 l - a +4 ring of protection
Wands
 o - a wand of paralysis (11)
 A - a wand of polymorph (15)
 B - a wand of charming (5)
 D - a wand of digging (4)
Scrolls
 d - a scroll of teleportation
 i - a scroll of vulnerability {unknown}
 j - 3 scrolls of amnesia
 m - a scroll of enchant weapon {unknown}
 r - 3 scrolls of fear
 t - 2 scrolls of blinking
 u - 8 scrolls of identify
 v - 4 scrolls of fog
Potions
 f - a potion of might
 g - a potion of magic
 s - a potion of flight


   Skills:
 + Level 8.0 Fighting
 + Level 11.2 Axes
 + Level 7.3 Armour
 + Level 7.2 Dodging
 + Level 2.7 Stealth
 + Level 9.0 Shields


You had 9 spell levels left.
You didn't know any spells.
Your spell library contained the following spells:

 Spells                   Type           Power      Damage    Failure   Level
 Freeze                   Ice            0%         1d3       69%         1
 Sandblast                Erth           0%         2d4       69%         1
 Summon Small Mammal      Summ           0%         N/A       69%         1
 Passwall                 Tmut/Erth      0%         N/A       83%         2
 Call Canine Familiar     Summ           0%         N/A       96%         3
 Confusing Touch          Hex            0%         N/A       96%         3
 Conjure Flame            Conj/Fire      0%         6-21      96%         3
 Frozen Ramparts          Ice            0%         1d2       96%         3
 Ignite Poison            Fire/Tmut/Pois 0%         N/A       96%         3
 Stone Arrow              Conj/Erth      0%         3d7       96%         3
 Summon Guardian Golem    Hex/Summ       0%         N/A       96%         3
 Hailstorm                Conj/Ice       0%         3d3       100%        4
 Sticky Flame             Conj/Fire      0%         2d3       100%        4
 Yara's Violent Unravell  Hex/Tmut       0%         3d3       100%        5
 Enfeeble                 Hex            0%         N/A       100%        7


Dungeon Overview and Level Annotations

Branches:
Dungeon (10/15)            Temple (1/1) D:7             Orc (0/2) D:9
   Lair: D:8-11

Altars:
Ashenzari
Cheibriados
Dithmenos
Elyvilon
Fedhas
Gozag
Hepliaklqana
Kikubaaqudgha
Makhleb
Nemelex Xobeh
Okawaru
Qazlal
Sif Muna
Trog
Vehumet
Wu Jian
Xom
Yredelemnul
Zin
The Shining One

Shops:
D:7 (

Annotations:
D:4 3 runed translucent doors, Clumpoid's ghost, amateur DsFi; kaffeinatedkobold's ghost, amateur FoAK; lonewolfV2's ghost, amateur HOFi


Innate Abilities, Weirdness & Mutations

You have a pair of horns on your head.
You reflexively headbutt those who attack you in melee.


Message History

The deep elf annihilator casts a spell at you.
The poison arrow reflects off an invisible shield around you!
The poison arrow hits the deep elf annihilator!!!
The deep elf annihilator looks as sick as possible!
The deep elf annihilator points at you and mumbles some strange words.
The crystal spear hits you!!!
Ouch! That really hurt!
* * * LOW HITPOINT WARNING * * *
The wight hits you with a +5 long sword.
* * * LOW HITPOINT WARNING * * *
You feel very mighty all of a sudden. You block the wight's attack.
The orc sorcerer misses you. You furiously retaliate!
You headbutt the orc sorcerer!!
The orc sorcerer hits you with a +0 dagger.
* * * LOW HITPOINT WARNING * * *
You feel protected.
A wight comes into view. It is wielding a +0 mace.
You block the wight's attack.
A red film seems to cover your vision as you go berserk!
You feel yourself moving faster!
You feel mighty!
The deep elf annihilator closely misses you.
Why would you want to do that?
You feel a strong urge to attack something.
The wight completely misses you.
The deep elf annihilator closely misses you.
You slash the deep elf annihilator!
You kill the deep elf annihilator!
Makhleb accepts your kill.
You barely miss the wight. You hit the wight but do no damage.
The orc sorcerer casts a spell.
The wight barely misses you. You furiously retaliate!
You headbutt the wight! You block the wight's attack.
Your life force feels restored.
Your Fighting skill increases to level 8!
Your Axes skill increases to level 11!
Your Shields skill increases to level 9!
The orc sorcerer hits you with a +0 dagger.
* * * LOW HITPOINT WARNING * * *
The wight hits you with a +5 long sword!
You die...

##.# ≈≈..#
#...##≈..### ≈
.:.(.#≈....
....)...≈).### #.
#≈z#... #.
##≈.##.##
≈≈##.##≈≈.##..#
.≈≈≈.≈≈≈z.##..#
......o@z###.[# #
###.4###......#.#
.........#(..##.#
#######..#......#
#..#.#..###
#..###..#
#.......#
#.#####.# #. #.#


You could see an orange demon (summoned), an orc sorcerer and 3 wights.

Vanquished Creatures
  A deep elf annihilator (D:10)
  A two-headed ogre (D:8)
  Pikel (D:8)
  A hornet (D:7)
  A wyvern (D:9)
  3 yaks (D:10)
  2 steam dragons
  2 orc warriors
  2 water moccasins
  A necrophage (D:4)
  A sky beast (D:5)
  2 black bears
  3 ogres
  2 centaurs
  A phantom (D:5)
  3 scorpions
  A bullfrog (D:7)
  A wyvern skeleton (D:7)
  10 killer bees
  2 wights (D:10)
  4 centaur zombies
  A jelly (D:4)
  8 orc priests
  Crazy Yiuf (D:5)
  2 centaur skeletons (D:7)
  An iguana (D:4)
  9 orc wizards
  A hound skeleton (D:4)
  A howler monkey zombie (D:8)
  7 adders
  4 gnolls (D:4)
  A worm (D:2)
  31 orcs
  5 ball pythons
  2 bats (D:2)
  6 endoplasms
  4 giant cockroaches
  13 goblins
  4 hobgoblins
  5 jackals
  2 quokkas
  2 rats
155 creatures vanquished.

Notes
Turn   | Place    | Note
-------+----------+-------------------------------------------
     0 | D:1      | lonewolfV2 the Minotaur Fighter began the quest for the
                  | Orb.
     0 | D:1      | Reached XP level 1. HP: 19/19 MP: 0/0
   497 | D:1      | Reached XP level 2. HP: 27/27 MP: 1/1
   840 | D:2      | Noticed an ogre
   849 | D:2      | Killed an ogre
   850 | D:2      | Reached skill level 3 in Axes
   850 | D:2      | Reached XP level 3. HP: 6/34 MP: 2/2
   850 | D:2      | Reached XP level 4. HP: 8/41 MP: 3/3
  1391 | D:2      | Found a faded altar of an unknown god.
  1563 | D:3      | Reached skill level 5 in Armour
  1563 | D:3      | Reached XP level 5. HP: 47/47 MP: 4/4
  1903 | D:4      | Noticed an ogre
  1910 | D:4      | Killed an ogre
  1911 | D:4      | Reached skill level 4 in Axes
  1958 | D:4      | Identified the +1 pair of gloves of the Sun {Harm Str+7
                  | Int-5 SInv}
  2014 | D:4      | Lost intelligence.
  2041 | D:4      | Identified the +4 leather armour "Lonnuove" {rElec Str+3}
  2077 | D:4      | Noticed a necrophage
  2084 | D:4      | Killed a necrophage
  2085 | D:4      | Reached skill level 5 in Fighting
  2085 | D:4      | Reached skill level 1 in Dodging
  2085 | D:4      | Reached XP level 6. HP: 56/56 MP: 5/5
  2323 | D:4      | Found a runed translucent gate.
  2325 | D:4      | Found a runed translucent gate.
  2325 | D:4      | Found a runed translucent gate.
  2327 | D:4      | Noticed lonewolfV2's ghost (amateur HOFi)
  2327 | D:4      | Noticed Clumpoid's ghost (amateur DsFi)
  2327 | D:4      | Noticed kaffeinatedkobold's ghost (amateur FoAK)
  2373 | D:4      | Reached skill level 5 in Shields
  2462 | D:4      | Reached skill level 5 in Axes
  2478 | D:4      | Reached XP level 7. HP: 35/61 MP: 6/6
  2479 | D:4      | Found a white marble altar of Elyvilon.
  2568 | D:4      | Found an opulent altar of Gozag.
  2572 | D:4      | Found a snail-covered altar of Cheibriados.
  2573 | D:4      | Found a broken altar of Ashenzari.
  2737 | D:5      | Entered Level 5 of the Dungeon
  2763 | D:5      | Reached skill level 6 in Axes
  3020 | D:5      | Found a glowing silver altar of Zin.
  3252 | D:5      | Found a runed translucent door.
  3253 | D:5      | Noticed Crazy Yiuf
  3764 | D:5      | Killed Crazy Yiuf
  3765 | D:5      | Reached XP level 8. HP: 70/70 MP: 7/7
  4004 | D:5      | Lost intelligence.
  4048 | D:6      | Reached skill level 7 in Axes
  4081 | D:6      | Lost intelligence.
  4478 | D:6      | Reached skill level 1 in Stealth
  4560 | D:6      | You fall into a shaft and drop 1 floor!
  4565 | D:7      | Noticed a hornet
  4575 | D:7      | Killed a hornet
  4577 | D:7      | Reached skill level 8 in Axes
  4846 | D:7      | Found Gopsuel's Weapon Boutique.
  4971 | D:7      | Reached XP level 9. HP: 75/78 MP: 8/8
  5036 | D:7      | Found a staircase to the Ecumenical Temple.
  5553 | Temple   | Entered the Ecumenical Temple
  5693 | Temple   | Became a worshipper of Makhleb the Destroyer
  5945 | D:8      | Noticed Pikel
  5954 | D:8      | Killed Pikel
  5955 | D:8      | Reached skill level 9 in Axes
  5955 | D:8      | Reached skill level 5 in Dodging
  6558 | D:8      | Lost intelligence.
  6758 | D:8      | Noticed a two-headed ogre
  6764 | D:8      | Killed a two-headed ogre
  6765 | D:8      | Reached skill level 10 in Axes
  7004 | D:9      | Reached XP level 10. HP: 55/86 MP: 9/9
  7299 | D:9      | Identified the +1 chain mail of Theory {rPois rC+ Int+4}
  7325 | D:9      | Found a staircase to the Orcish Mines.
  7912 | D:10     | Entered Level 10 of the Dungeon
  8059 | D:10     | Noticed an orc sorcerer
  8059 | D:10     | Noticed a deep elf annihilator
  8069 | D:10     | Killed a deep elf annihilator
  8070 | D:10     | Reached skill level 11 in Axes
  8070 | D:10     | Noticed an orange demon
  8070 | D:10     | Slain by a wight

Illustrated notes

Levels and vault maps discovered:
D:1:      wander_arrival_fairy_ring, layout_basic
D:2:      layout_rooms, shapermc_ecumenical_altar_starsandcircs
D:3:      layout_basic, dancing_weapons_uskayaw, nicolae_underground_beach,
          uniq_natasha
D:4:      layout_loops_ring, minitemple, gammafunk_ghost_cemetery
D:5:      layout_basic, mainiacjoe_overflow_six_doors_small,
          lemuel_another_geyser, uniq_crazy_yiuf_cottage
D:6:      layout_cave_pods, serial_shops, shop
D:7:      layout_basic, minmay_temple_entry_grid, chequers_ossuary_entry_cave,
          serial_shops, nicolae_diamond_shop
D:8:      layout_basic, enter_bailey_4, uniq_pikel
D:9:      layout_cross
D:10:     cheibrodos_wizards_tower, layout_basic, hangedman_decor_peaks_small
Temple:   nicolae_temple_elliptical

Skill      XL: |  1  2  3  4  5  6  7  8  9 10 |
---------------+-------------------------------+-----
Fighting       | 4 5 6 7 8 |  8.0
Armour         | 4 5 6 7 |  7.3
Shields        | 4 5 7 8 9 |  9.0
Axes           | 3 4 5 6 8 10 11 | 11.2
Dodging        | 1 2 4 6 7 |  7.2
Stealth        | 1 2 |  2.7

Action                   |  1- 3 |  4- 6 |  7- 9 | 10-12 || total
-------------------------+-------+-------+-------+-------++-------
Melee: War axe           |    26 |    72 |   162 |    27 ||   287
       Headbutt          |     2 |    11 |    26 |     5 ||    44
  Use: Scroll            |     2 |     4 |     8 |       ||    14
       Potion            |       |       |    10 |     9 ||    19
 Stab: Distracted        |       |       |     1 |       ||     1
Armor: Scale mail        |    10 |    21 |       |       ||    31
       Leather armour    |       |    15 |    86 |    31 ||   132
Dodge: Dodged            |    10 |    64 |   232 |    62 ||   368
Block: Buckler           |     7 |    34 |   155 |    30 ||   226
       Reflection        |       |       |       |     1 ||     1

Table legend: (Time is in decaauts)
 A = Elapsed time spent in this place.
 B = Non-inter-level travel time spent in this place.
 C = Inter-level travel time spent in this place.
 D = Time resting spent in this place.
 E = Time spent auto-exploring this place.
 F = Levels seen in this place.
 G = Mean time per level.
                   A        B        C        D        E       F      G
               +--------+--------+--------+--------+--------+-----+--------+
         Total |  10895 |  10661 |    234 |   1530 |   6735 |  11 |  990.5 |
       Dungeon |  10593 |  10371 |    222 |   1530 |   6735 |  10 | 1059.3 |
        Temple |    302 |    290 |     12 |      0 |      0 |   1 |  302.0 |
               +--------+--------+--------+--------+--------+-----+--------+

Top non-repeatable levels by time:
     D:5: 1857 daAuts
     D:7: 1771 daAuts
     D:8: 1749 daAuts
     D:4: 1304 daAuts
     D:9: 1083 daAuts
     D:2: 803 daAuts
     D:1: 771 daAuts
     D:6: 760 daAuts
  Temple: 302 daAuts
     D:3: 255 daAuts
    D:10: 235 daAuts
